 Dungeon Crawl Stone Soup version 0.29-a0-330-g52719c12eb (webtiles) character file.

Game seed: 5286620439517370505

125 dohliylev the Ruffian (level 4, 0/42 HPs)
             Began as a Troll Warper on May 10, 2022.
             Slain by an orc wizard
             ... wielding a +0 dagger
              (1 damage)
             ... on level 3 of the Dungeon.
             The game lasted 00:04:50 (1895 turns).

dohliylev the Ruffian (Troll Warper)                Turns: 1895, Time: 00:04:51

Health: 0/42       AC:  6    Str: 21    XL:     4   Next: 82%
Magic:  4/5        EV: 10    Int:  9    God:
Gold:   152        SH:  0    Dex:  9    Spells: 4/6 levels left

rFire   x . .      SeeInvis .     - Unarmed
rCold   . . .      Faith    .   (no shield)
rNeg    . . .      Spirit   .   u - +2 robe of the Big Bang {+Blink rElec rF-}
rPois   .          Reflect  .   (helmet restricted)
rElec   +          Harm     .   (no cloak)
rCorr   .          Rampage  .   (gloves unavailable)
Will    .....                   (boots unavailable)
Stlth   +.........              (no amulet)
HPRegen 0.94/turn               (no ring)
MPRegen 0.09/turn               (no ring)

@: on blink cooldown
A: large, unfitting armour, claws 3, regeneration 1, shaggy fur 1, tough skin 1
a: Evoke Blink


You were on level 3 of the Dungeon.
You visited 1 branch of the dungeon, and saw 4 of its levels.

You collected 152 gold pieces.

Inventory:

Missiles
 c - 7 boomerangs of dispersal (quivered)
Armour
 a - a +0 robe
 u - the +2 robe of the Big Bang (worn) {+Blink rElec rF-}
   (You found it on level 3 of the Dungeon)

   rF:        It makes you vulnerable to fire.
   rElec:     It insulates you from electricity.
   +Blink:    It lets you blink.
Wands
 s - a wand of flame (22)
Scrolls
 b - a scroll of blinking
 d - 3 scrolls of identify {unknown}
 j - a scroll of magic mapping {unknown}
 l - a scroll of summoning {unknown}
 m - a scroll of vulnerability {unknown}
 n - a scroll of noise {unknown}
 o - 3 scrolls of teleportation {unknown}
 p - a scroll of amnesia {unknown}
 q - a scroll of enchant weapon {unknown}
 r - a scroll of acquirement {unknown}
Potions
 e - 2 potions of haste {unknown}
 f - 2 potions of ambrosia {unknown}
 g - 3 potions of curing {unknown}
 h - a potion of might {unknown}
 i - 2 potions of mutation {unknown}
 k - a potion of degeneration {unknown}
 t - 2 potions of lignification {unknown}


   Skills:
 + Level 2.0 Fighting
 + Level 0.8 Throwing
 + Level 2.5 Dodging
 + Level 3.6 Unarmed Combat
 + Level 1.5 Spellcasting
 + Level 2.5 Translocations


You had 4 spell levels left.
You knew the following spells:

 Your Spells              Type           Power      Damage    Failure   Level
a - Blink                 Tloc           10%        N/A       19%         2

Your spell library contained the following spells:

 Spells                   Type           Power      Damage    Failure   Level
 Gell's Gravitas          Tloc           5%         N/A       36%         3
 Lesser Beckoning         Tloc           5%         N/A       36%         3
 Teleport Other           Tloc           5%         N/A       36%         3
 Summon Guardian Golem    Hex/Summ       0%         N/A       71%         3
 Manifold Assault         Tloc           5%         N/A       98%         5
 Orb of Destruction       Conj           0%         9d5       100%        7
 Spellforged Servitor     Conj/Summ      0%         N/A       100%        7


Dungeon Overview and Level Annotations

Branches:
Dungeon (4/15)
 Temple: D:4-7

Altars:

Shops:
D:4 (


Innate Abilities, Weirdness & Mutations

You are too large for most types of armour.
You have claws for hands.
Your natural rate of healing is unusually fast.
You are covered in fur. (AC +1)
You have tough skin. (AC +1)


Message History

The orc barely misses you.
The orc wizard hits you with a +0 dagger.
You closely miss the orc wizard.
The orc shouts!
The orc hits you with a +4 hand axe!
The orc wizard hits you but does no damage.
You barely miss the orc wizard.
The orc priest mumbles some strange prayers to Beogh against you.
Beogh smites you! The orc hits you with a +4 hand axe.
The orc wizard hits you with a +0 dagger.
You completely miss the orc wizard. You claw the orc wizard!
The orc wizard is heavily wounded.
The orc wizard hits you but does no damage.
You blink.
The orc wizard mumbles some strange words.
The orc wizard flickers and vanishes!
Deactivating autopickup; reactivate with Ctrl-A.
The orc priest invokes the aid of Beogh against you.
Beogh smites you!
* * * LOW HITPOINT WARNING * * *
You feel stable enough to blink again.
You scratch the orc priest but do no damage.
The orc priest barely misses you.
You scratch the orc priest but do no damage.
You scratch the orc.
The orc is heavily wounded.
You scratch the orc.
You kill the orc!
The orc priest invokes the aid of Beogh against you.
Beogh smites you!
* * * LOW HITPOINT WARNING * * *
You scratch the orc but do no damage.
The orc is almost dead.
The orc barely misses you.
You fail to use your ability.
The orc hits you with a +4 hand axe.
* * * LOW HITPOINT WARNING * * *
You blink.
The orc hits you with a +0 dagger.
* * * LOW HITPOINT WARNING * * *
Something hits you.
You die...

### ##..
##############..#
#...............#
##....##.####.....
##@o##ยง##.#
##...# #)#.##.{#.#
##.## #o#...o.#.#
#.# # #
#o#.......# #.#
.#. ##.#(#.####
##'## #.# #...##
##...# # ### #.#
##.## ##..... ##
##.###.# #.#
#......
.####...##.#######
. #.......


You could see an orc priest and 2 orcs.

Vanquished Creatures
  An iguana (D:4)
  3 adders
  2 worms
  2 dart slugs
  5 orcs
  6 bats
  5 endoplasms
  3 giant cockroaches
  3 goblins
  6 hobgoblins
  4 quokkas
  9 ball pythons
  A frilled lizard (D:2)
  3 kobolds (D:2)
  2 rats
55 creatures vanquished.

Notes
Turn   | Place    | Note
-------+----------+-------------------------------------------
     0 | D:1      | dohliylev the Troll Warper began the quest for the Orb.
     0 | D:1      | Reached XP level 1. HP: 19/19 MP: 1/1
   125 | D:1      | Reached XP level 2. HP: 27/27 MP: 3/3
   202 | D:1      | Learned a level 2 spell: Blink
   282 | D:1      | Found a faded altar of an unknown god.
   847 | D:2      | Reached XP level 3. HP: 35/35 MP: 4/4
  1357 | D:3      | You fall into a shaft and drop 1 floor!
  1426 | D:4      | Found Zuolug's Weapon Boutique.
  1440 | D:4      | Reached skill level 3 in Unarmed Combat
  1440 | D:4      | Reached XP level 4. HP: 33/42 MP: 5/5
  1713 | D:3      | Identified the +2 robe of the Big Bang {+Blink rElec rF-}
  1892 | D:3      | HP: 1/42 [orc priest/divine providence (15)]
  1895 | D:3      | Slain by an orc wizard

Illustrated notes

Levels and vault maps discovered:
D:1:      saegor_arrival_simple_c, layout_loops_cross,
          nicolae_ecumenical_snake_handling, serial_bayou_pond_d
D:2:      layout_rooms
D:3:      layout_loops_corners
D:4:      layout_rooms, serial_shops, nicolae_shop_bloodbath_and_beyond,
          minivault_5

Skill      XL: |  1  2  3  4 |
---------------+-------------+-----
Dodging        | 2 |  2.5
Unarmed Combat | 3 |  3.6
Fighting       | 2 |  2.0
Throwing       | |  0.8
Spellcasting   | |  1.5
Translocations | |  2.5

Action                   |  1- 3 |  4- 6 || total
-------------------------+-------+-------++-------
Melee: Unarmed           |   111 |    43 ||   154
       Punch             |     1 |     1 ||     2
 Cast: Blink             |       |     2 ||     2
 Abil: Evoke Blink       |       |     3 ||     3
 Stab: Sleeping          |     2 |       ||     2
Armor: Robe              |    43 |    11 ||    54
Dodge: Dodged            |    79 |    15 ||    94

Table legend: (Time is in decaauts)
 A = Elapsed time spent in this place.
 B = Non-inter-level travel time spent in this place.
 C = Inter-level travel time spent in this place.
 D = Time resting spent in this place.
 E = Time spent auto-exploring this place.
 F = Levels seen in this place.
 G = Mean time per level.
                   A        B        C        D        E       F      G
               +--------+--------+--------+--------+--------+-----+--------+
         Total |   1888 |   1836 |     52 |    138 |   1248 |   4 |  472.0 |
       Dungeon |   1888 |   1836 |     52 |    138 |   1248 |   4 |  472.0 |
               +--------+--------+--------+--------+--------+-----+--------+

Top non-repeatable levels by time:
     D:1: 739 daAuts
     D:3: 483 daAuts
     D:2: 478 daAuts
     D:4: 187 daAuts
